[Event "Live Chess"]
[Site "Chess.com"]
[Date "2024.06.01"]
[Round "-"]
[White "asingardenof"]
[Black "Berdgross"]
[Result "1-0"]
[WhiteElo "632"]
[BlackElo "581"]
[TimeControl "300"]
[EndTime "15:12:23 PDT"]
[Termination "asingardenof won by resignation"]

1. d4 d5 2. c4 e6 3. Nf3 dxc4 4. e3 Nf6 5. Bxc4 Nc6 6. Nc3 Bb4 7. Bd2 a6 8. O-O O-O 9. Qc2 g6 10. Ng5 Bxc3 11.
Bxc3 b5 12. Bd3 Qd5 13. Ne4 Bb7 14. Nxf6+ Kg7 15. Nxd5 exd5 16. Qe2 Ne7 17. Bb4 1-0

[Event "Live Chess"]
[Site "Chess.com"]
[Date "2024.06.01"]
[Round "-"]
[White "JohanKjeldahl"]
[Black "GEMdzq"]
[Result "0-1"]
[WhiteElo "1856"]
[BlackElo "2287"]
[TimeControl "300"]
[EndTime "15:12:27 PDT"]
[Termination "GEMdzq won by resignation"]

1. c4 e5 2. Nc3 Bc5 3. e3 Nf6 4. Nf3 O-O 5. a3 e4 6. Ng5 Re8 7. b4 Bf8 8. Bb2 h6 9. Nh3 d5 10. Nf4 d4 11. Ncd5 d3 12. Nxf6+ gxf6 13. Qh5 Nc6 14. f3 Ne5 15. fxe4 Bg4 16. Qh4 f5 17.
Qxd8 Raxd8 18. exf5 Nxc4 19. Bd4 Rxd4 20. Kf2 Rdd8 21. Bxd3 Nxd2 22. h3 Bh5 23. g4 Bd6 24. Nd5 Be5 25. gxh5 Rxd5 26. Be2 Bxa1 0-1

[Event "Live Chess"]
[Site "Chess.com"]
[Date "2024.06.01"]
[Round "-"]
[White "FlyingChessKestrel13"]
[Black "NottheBishopSacrifice"]
[Result "0-1"]
[WhiteElo "2082"]
[BlackElo "2267"]
[TimeControl "300"]
[EndTime "15:12:33 PDT"]
[Termination "NottheBishopSacrifice won by resignation"]

1. d3 d5 2. Nf3 Nf6 3. g3 Bg4 4.
Bg2 Nbd7 5. O-O e5 6. Nbd2 Bd6 7. e4 c6 8. Re1 O-O 9. h3 Bh5 10. g4 Bg6 11. Nh4 Re8 12. Nxg6 hxg6 13. c3 Nc5 14. Nb3 dxe4 15. dxe4 Ne6 16. Be3 Bc7 17. Qc2 Bb6 18.
Rad1 Qc7 19. Bc1 a5 20. a4 Rad8 21. c4 Nd4 22. Nxd4 Bxd4 23. Be3 Bxe3 24. Rxe3 Nd7 25. c5 Nf8 26. Red3 Ne6 27. Rd6 Nd4 28. Rxd8 Rxd8 29. Qc4 g5 30. Kh2 Qe7 31. Rd3 Qf6 32. f3 Qf4+ 33. Kg1 g6 34. Kf2 Kg7 35. b4 axb4 36. Qxb4 Ra8 37. Rxd4 exd4 38. Qxd4+ Qf6 39. e5 Qe6 40.
Bf1 Qa2+ 41. Kg3 Rxa4 42. Qd6 Qe6 43. Bd3 Qxd6 44. exd6 Kf6 45. Kf2 Ra5 46. Ke3 Rxc5 47. Be4 Ke6 48. Kd4 Kxd6 0-1

[Event "Live Chess"]
[Site "Chess.com"]
[Date "2024.06.01"]
[Round "-"]
[White "Queensandpawns"]
[Black "Ferrarifan27"]
[Result "0-1"]
[WhiteElo "2367"]
[BlackElo "2106"]
[TimeControl "300"]
[EndTime "15:12:35 PDT"]
[Termination "Ferrarifan27 won by checkmate"]

1. e4 e5 2. d4 exd4 3. c3 dxc3 4.
Bc4 cxb2 5. Bxb2 Bb4+ 6. Kf1 Nf6 7. e5 Ng8 8. Qb3 Qe7 9. Bxf7+ Qxf7 10. Qxb4 Nc6 11.
Qh4 d6 12. Nf3 dxe5 13. Nc3 Nf6 14. Re1 O-O 15. Ng5 Qg6 16. Re3 h6 17. Nge4 Nxe4 18. Nxe4 Rf4 19. Qg3 Qxg3 20. hxg3 Rf8 21. Nc5 b6 22.
Nd3 Ba6 23. Kg1 Bxd3 24. Rxd3 Rad8 25. Rc3 Rd1+ 26. Kh2 Rxh1+ 27. Kxh1 Rxf2 28. Ba3 Rxa2 29. Kh2 Nd4 30. Be7 c5 31. Re3 Nf5 32. Rxe5 Nxe7 33. Rxe7 Kf8 34. Rb7 c4 35. g4 c3 36. Rc7 c2 37. g5 hxg5 38. Kh3 b5 39. g3 b4 40. Kg4 b3 41. Kxg5 b2 42. g4 c1=Q+ 43. Kg6 Ra6+ 44. Kh7 Qh1# 0-1

[Event "Live Chess"]
[Site "Chess.com"]
[Date "2024.06.01"]
[Round "-"]
[White "Mikhail_Golubev"]
[Black "lateforthesky"]
[Result "1-0"]
[WhiteElo "2584"]
[BlackElo "2133"]
[TimeControl "300"]
[EndTime "15:12:37 PDT"]
[Termination "Mikhail_Golubev won by checkmate"]

1. e4 c5 2. Nf3 Nf6 3. Nc3 d5 4. exd5 Nxd5 5. Bc4 e6 6. O-O Nc6 7. Re1 Be7 8. d3 Nxc3 9. bxc3 O-O 10. d4 cxd4 11.
cxd4 Bf6 12. Ba3 Nxd4 13. Nxd4 Qxd4 14. Qxd4 Bxd4 15. Rad1 Bf6 16. Bxf8 Kxf8 17. Bd3 g6 18.
Be4 Rb8 19. Re3 b6 20. Ra3 Bb7 21. Bxb7 Rxb7 22. Rad3 Ke8 23. c4 Rc7 24. Rc1 Be7 25. a4 a5 26. Kf1 Bc5 27. Ke2 e5 28. g3 f5 29. Rd5 e4 30. g4 Rf7 31. gxf5 gxf5 32.
f3 e3 33. Rg1 Ke7 34. f4 Ke6 35.
h4 Rf6 36. Rg5 Rh6 37. h5 Rf6 38. Kf3 h6 39. Rg8 Kf7 40. Rg2 Kf8 41. Rd7 Ke8 42. Ra7 Rd6 43. Rg8# 1-0

[Event "Live Chess"]
[Site "Chess.com"]
[Date "2024.06.01"]
[Round "-"]
[White "updatedopenings2024"]
[Black "NomisY"]
[Result "0-1"]
[WhiteElo "1959"]
[BlackElo "2285"]
[TimeControl "300"]
[EndTime "15:13:08 PDT"]
[Termination "NomisY won by resignation"]

1. e4 c6 2. d4 d5 3. e5 Bf5 4. Nd2 e6 5. Nb3 Ne7 6. Nf3 Nd7 7. Be2 h6 8. O-O g5 9. a4 Bg7 10. Ne1 O-O 11. f4 f6 12. exf6 Bxf6 13. fxg5 hxg5 14.
Bd3 Qe8 15. Qe2 Ng6 16. Nf3 g4 17. Ng5 Nh4 18. Bxf5 exf5 19. Qe6+ Qxe6 20. Nxe6 Rf7 21. Bg5 Re8 22. Bxf6 Nxf6 23. Nf4 Rfe7 24. Nc5 Kg7 25. Ncd3 Rh8 26. Ne5 Nd7 27. Nfd3 Nxe5 28. Nxe5 Rh5 29. c3 Ng6 30. Nxg6 Kxg6 31. Rae1 Rxe1 32. Rxe1 Rh7 33. b4 f4 34. Re6+ Kf5 35. Re5+ Kf6 36. a5 Re7 37. Rxe7 Kxe7 38. Kf2 Kf6 39. h3 Kf5 40. Ke2 Kg5 41. hxg4 Kxg4 42. Kf2 a6 43. Ke2 Kg3 44. Kf1 f3 45.
gxf3 Kxf3 46. Ke1 Ke3 47. Kd1 Kd3 0-1

[Event "Live Chess"]
[Site "Chess.com"]
[Date "2024.06.01"]
[Round "-"]
[White "StoreySniper"]
[Black "NebodarMatevich"]
[Result "1-0"]
[WhiteElo "2546"]
[BlackElo "1558"]
[TimeControl "300"]
[EndTime "15:13:10 PDT"]
[Termination "StoreySniper won by resignation"]

1. d4 Nf6 2. Bf4 c5 3. d5 Qb6 4.
Nc3 Qxb2 5. Bd2 e6 6. e4 exd5 7. exd5 Be7 8. Nf3 O-O 9. Bd3 d6 10. h3 Bd7 11. O-O b6 12. a3 c4 13. Bxc4 b5 14.
Bb3 b4 15. axb4 Bb5 16. Nxb5 1-0

[Event "Live Chess"]
[Site "Chess.com"]
[Date "2024.06.01"]
[Round "-"]
[White "MagnersCarlsberg2870"]
[Black "Delacorta"]
[Result "1-0"]
[WhiteElo "1766"]
[BlackElo "1552"]
[TimeControl "300"]
[EndTime "15:13:17 PDT"]
[Termination "MagnersCarlsberg2870 won by resignation"]

1. d4 Nf6 2. Nf3 g6 3. Nc3 Bg7 4. e4 e6 5. Bg5 d6 6. e5 dxe5 7. dxe5 Qxd1+ 8. Rxd1 Nfd7 9. Bb5 c6 10. Bc4 O-O 11.
Bf4 Re8 12. h4 h5 13. Ng5 Nc5 14. Nce4 Nxe4 15. Nxe4 Nd7 16. Nd6 Rf8 17. Nxc8 Raxc8 18. Rxd7 1-0

[Event "Live Chess"]
[Site "Chess.com"]
[Date "2024.06.01"]
[Round "-"]
[White "IgorSchukin"]
[Black "wadsy27"]
[Result "0-1"]
[WhiteElo "1704"]
[BlackElo "2541"]
[TimeControl "300"]
[EndTime "15:13:24 PDT"]
[Termination "wadsy27 won on time"]

1. e4 c5 2. a3 e6 3. Nc3 Nc6 4. Bc4 a6 5. d3 b5 6. Ba2 Bb7 7. Nf3 Nf6 8. O-O d6 9. Bg5 Be7 10. Ne2 h6 11. Bh4 g5 12. Bg3 Nh5 13. c3 Nxg3 14.
Nxg3 h5 15. Re1 h4 16. Nf1 g4 17. N3d2 Qc7 18. Qxg4 h3 19. Ne3 hxg2 20. Nxg2 Ne5 21. Qg3 O-O-O 22. f4 Rdg8 23. Qe3 Ng4 24. Qe2 Rxh2 25.
Nf3 Rh3 26. Ng5 Rg3 27. Nxe6 fxe6 28. Bxe6+ Kb8 29. Bxg8 Ne3 30. Qxe3 Rxe3 31. Rxe3 d5 32. Bxd5 Bd6 33. Bxb7 Bxf4 34. Rf3 Bh2+ 35. Kf1 Kxb7 36. Re1 b4 37. axb4 cxb4 38. e5 bxc3 39. bxc3 Bxe5 40. d4 Bd6 41. Ne3 Qxc3 42. Rb1+ Kc6 43. d5+ Kc5 44. Ke2 a5 45. Rd1 Qb2+ 46. Rd2 Qb5+ 47. Kf2 a4 48.
Rc2+ Kb6 49. Nc4+ Ka6 50. Nxd6 Qb6+ 0-1

[Event "Live Chess"]
[Site "Chess.com"]
[Date "2024.06.01"]
[Round "-"]
[White "CCGoodKnightRookie"]
[Black "Cruiseylee78"]
[Result "1-0"]
[WhiteElo "2364"]
[BlackElo "1697"]
[TimeControl "300"]
[EndTime "15:13:34 PDT"]
[Termination "CCGoodKnightRookie won by resignation"]

1. d4 d5 2. Nc3 Bf5 3. Bf4 e6 4. e3 c6 5. Nf3 Nd7 6. Ne5 Ngf6 7. g4 Nxe5 8. gxf5 exf5 9. dxe5 Ne4 10. Nxe4 fxe4 11. Bh3 Qa5+ 12. c3 Be7 13. Qg4 g6 14.
Qd7+ Kf8 15. Bh6+ Kg8 16. Qxe7 1-0

[Event "Live Chess"]
[Site "Chess.com"]
[Date "2024.06.01"]
[Round "-"]
[White "JanMur7"]
[Black "CarmelJane"]
[Result "1-0"]
[WhiteElo "2287"]
[BlackElo "2069"]
[TimeControl "300"]
[EndTime "15:13:42 PDT"]
[Termination "JanMur7 won by checkmate"]

1. c4 g6 2. Nc3 Bg7 3. d4 c5 4. Be3 cxd4 5. Bxd4 Nf6 6. g3 Nc6 7. Nf3 Nxd4 8. Nxd4 O-O 9. Bg2 d6 10. O-O Rb8 11.
a4 a6 12. a5 Bd7 13. Qd3 Qc8 14. Na4 Bh3 15. Nb6 Qg4 16. f3 Qh5 17. e4 Bxg2 18.
Kxg2 Rfd8 19. Rad1 Qc5 20. Nb3 Qc7 21. Rc1 Nd7 22. Nxd7 Qxd7 23. Rc2 b5 24. c5 Rbc8 25.
Rd1 Qe6 26. Qd5 Qf6 27. c6 e6 28. Qd4 Qe7 29. Qb6 d5 30. exd5 exd5 31. Qxa6 Qb4 32. c7 Re8 33. Rd3 Be5 34. Qb7 Bd6 35. a6 Qe1 36. Rdd2 h5 37. a7 h4 38. f4 hxg3 39. hxg3 Qe4+ 40. Kg1 Qe1+ 41. Kg2 Qe4+ 42. Kh2 Qf5 43.
Qxd5 Qh5+ 44. Qxh5 gxh5 45. Rxd6 Ra8 46. Rcd2 Kg7 47.
Rd8 Rexd8 48. Rxd8 Rxa7 49. c8=Q Ra2 50. Rg8+ Kf6 51.
Qd8+ Kf5 52. Qg5+ Ke4 53. Qe5+ Kf3 54. Nd4+ Kf2 55. Qe2# 1-0

[Event "Live Chess"]
[Site "Chess.com"]
[Date "2024.06.01"]
[Round "-"]
[White "BearFromUkraine"]
[Black "Zhevzh1k7"]
[Result "0-1"]
[WhiteElo "988"]
[BlackElo "1109"]
[TimeControl "300"]
[EndTime "15:13:47 PDT"]
[Termination "Zhevzh1k7 won by resignation"]

1. e4 c6 2. d4 d5 3. exd5 cxd5 4. Nf3 Nc6 5. Bb5 Qb6 6. Bxc6+ bxc6 7. O-O Nf6 8. Nc3 Bb7 9. Rb1 e6 10. Bf4 Bb4 11.
a3 Bxc3 12. bxc3 Qa6 13. Qc1 O-O 14. Bg5 Ne4 15. Re1 Nxc3 16. Rb3 Ne2+ 17. Rxe2 Qxe2 18. Rxb7 Rfb8 19. Rxa7 0-1

[Event "Live Chess"]
[Site "Chess.com"]
[Date "2024.06.01"]
[Round "-"]
[White "agamilewska"]
[Black "Dhaydon19"]
[Result "0-1"]
[WhiteElo "1774"]
[BlackElo "2678"]
[TimeControl "300"]
[EndTime "15:13:52 PDT"]
[Termination "Dhaydon19 won by resignation"]

1. d4 c6 2. c4 d5 3. cxd5 cxd5 4.
Nc3 Nf6 5. Bg5 a6 6. Bxf6 gxf6 7.
Nf3 e6 8. e3 Nc6 9. Bd3 Bd6 10.
O-O f5 11. h3 Rg8 12. Kh1 Qf6 13. Nh2 Qh4 14. Qf3 Bd7 15. Ne2 Ne7 16. Nf4 Ng6 17. g3 Qh6 18. Nh5 Ke7 19. g4 Nh4 20. Qe2 fxg4 21.
hxg4 Rg5 22. f4 Rgg8 23. g5 Qf8 24. Nf6 Rh8 25. Qh5 Ng6 26. Nxd7 Kxd7 27. Ng4 Qg7 28. Nf6+ Ke7 29. Rac1 h6 30. Kg2 hxg5 31. Qxg5 Nh4+ 32. Kf2 Qxf6 33. Qxf6+ Kxf6 34. Rh1 Ng6 35. Bxg6 fxg6 36. Kf3 Rxh1 37. Rxh1 Rc8 0-1

[Event "Live Chess"]
[Site "Chess.com"]
[Date "2024.06.01"]
[Round "-"]
[White "upoe610"]
[Black "ACM42"]
[Result "1-0"]
[WhiteElo "2203"]
[BlackElo "2155"]
[TimeControl "300"]
[EndTime "15:14:08 PDT"]
[Termination "upoe610 won on time"]

1. c4 Nf6 2. g3 g6 3. Bg2 Bg7 4. Nc3 O-O 5. d4 d6 6. h3 c5 7. e3 Nc6 8. Nge2 a6 9. O-O Rb8 10. b3 Qc7 11. Bb2 b5 12. dxc5 dxc5 13. cxb5 axb5 14.
Nd5 Nxd5 15. Bxg7 Kxg7 16. Qxd5 Nb4 17. Qe4 Bf5 18. Qf4 e5 19. Qf3 h5 20. e4 Be6 21.
Rfc1 Ra8 22. Qc3 Rfc8 23. a3 Na6 24. Nf4 Bd7 25. Nd5 Qd6 26. f4 Re8 27. Rf1 f6 28. Rad1 Qe6 29. fxe5 fxe5 30. Rf6 Qg8 31. Rdf1 Re6 32.
Rf7+ Qxf7 33. Rxf7+ Kxf7 34. Qf3+ Kg7 35. h4 Rf8 36. Qe2 Bc6 37. Bh3 Ree8 38. Kg2 Rd8 39. Be6 Rd6 40. Bh3 Nb8 41. Ne3 Nd7 42. Bxd7 Bxe4+ 43. Kg1 Rxd7 44. Qxb5 Rd3 45. Qxc5 Rf6 46. Qe7+ Rf7 47. Qxe5+ Kf8 48. Qxe4 Rxb3 49. Qa8+ Kg7 50.
Qe4 Rxa3 51. Qd4+ Kh7 52. Nd5 Ra2 53. Nf6+ Kh6 54. Ng8+ Kh7 55. Nf6+ Kh6 56. g4 hxg4 57. Nxg4+ Kh7 58. Qd5 Ra1+ 59. Kg2 Rfa7 60. h5 Kg7 61.
h6+ 1-0

[Event "Live Chess"]
[Site "Chess.com"]
[Date "2024.06.01"]
[Round "-"]
[White "Silverback7829"]
[Black "DJ_Lambton"]
[Result "0-1"]
[WhiteElo "902"]
[BlackElo "1729"]
[TimeControl "300"]
[EndTime "15:14:33 PDT"]
[Termination "DJ_Lambton won by checkmate"]

1. d4 d5 2. Nf3 Nf6 3. Nc3 Bf5 4. Bf4 e6 5. e3 Nbd7 6. Bb5 c6 7. Bd3 Bb4 8. Bxf5 exf5 9. a3 Bxc3+ 10. bxc3 O-O 11. O-O Ne4 12. Ne5 Nxe5 13. dxe5 Nxc3 14. Qd2 Ne4 15. Qb4 a5 16. Qxb7 Rc8 17. Qb3 Nc5 18. Qa2 Ne6 19. Rab1 Qh4 20. Qb2 f6 21. Qc1 fxe5 22.
Bxe5 Ng5 23. Qb2 Rf7 24. Bf4 Rf6 25. Bxg5 Qxg5 26. Qb7 Rcf8 27. Rb6 Rg6 28. Qa7 Qxg2# 0-1

[Event "Live Chess"]
[Site "Chess.com"]
[Date "2024.06.01"]
[Round "-"]
[White "Tushinskiy"]
[Black "bonantagulo"]
[Result "0-1"]
[WhiteElo "2242"]
[BlackElo "2222"]
[TimeControl "300"]
[EndTime "15:14:38 PDT"]
[Termination "bonantagulo won by resignation"]

1. d4 Nf6 2. c3 d5 3. Nf3 c5 4.
Bf4 e6 5. e3 Bd6 6. Bg3 Nc6 7.
Bd3 O-O 8. Nbd2 Qe7 9. Ne5 Nd7 10.
f4 f6 11. Bxh7+ Kxh7 12. Qh5+ Kg8 13. Ng6 Qe8 14. Nf3 Ne7 15. Qh8+ Kf7 16. Nxf8 Nxf8 17.
O-O Nfg6 18. Qh5 Nf5 19. Rae1 Bd7 20. Qg4 Nh6 21. Qh5 Nf5 22. Qg4 Nh6 23. Qh3 e5 24. f5 Bxf5 25. Ng5+ fxg5 26. Rxf5+ Nxf5 27. Qxf5+ Kg8 28. Qxg5 Qe6 29. h4 cxd4 30. exd4 e4 31. h5 Bxg3 32.
Qxg3 Ne7 33. Qc7 Rf8 34. Qxb7 Qf7 35. Ra1 Qf2+ 36. Kh2 Rf5 0-1

[Event "Live Chess"]
[Site "Chess.com"]
[Date "2024.06.01"]
[Round "-"]
[White "WelshTiger"]
[Black "TedUdale"]
[Result "1-0"]
[WhiteElo "2507"]
[BlackElo "2124"]
[TimeControl "300"]
[EndTime "15:14:43 PDT"]
[Termination "WelshTiger won by resignation"]

1. e4 e5 2. Nf3 Nc6 3. Bb5 d6 4. O-O Bg4 5. Bxc6+ bxc6 6. d3 Nf6 7. h3 Bh5 8. Nbd2 Be7 9. b3 O-O 10. Bb2 c5 11. Qe1 a5 12. a4 Nd7 13. Nh2 Bg6 14. f4 f5 15. fxe5 dxe5 16. exf5 Rxf5 17. Rxf5 Bxf5 18. Ne4 Bd6 19. Qe2 Qe7 20. Rf1 Rf8 21. Bc3 Nb6 22. Bxa5 Nd5 23. Bd2 Qe8 24. Be3 Qg6 25. Nxc5 Nxe3 26. Qxe3 Bxh3 27. Rxf8+ Kxf8 28. Qxh3 Bxc5+ 29. Kh1 Qf6 30. Qf3 Ke7 31. Qxf6+ gxf6 32. g4 Be3 33. Kg2 Kd6 34. Kf3 Bg5 35. Nf1 Kd5 36.
c3 c5 37. a5 Kc6 38. Ne3 Kb5 39. Nc4 h6 40. Ke4 Kc6 41. b4 cxb4 42. cxb4 Kb5 43. Nd6+ Kxb4 44. a6 f5+ 45. gxf5 h5 46. a7 1-0

[Event "Live Chess"]
[Site "Chess.com"]
[Date "2024.06.01"]
[Round "-"]
[White "KeithArkell"]
[Black "ShanthamGrarks"]
[Result "1-0"]
[WhiteElo "2402"]
[BlackElo "1780"]
[TimeControl "300"]
[EndTime "15:15:08 PDT"]
[Termination "KeithArkell won by resignation"]

1. d4 e6 2. Nf3 Nf6 3. c4 d5 4. cxd5 exd5 5. Nc3 c6 6. Bg5 Bd6 7. e3 Bg4 8. Be2 Nbd7 9. O-O Qc7 10. g3 h6 11. Bf4 Bh3 12. Re1 Bxf4 13. exf4 O-O 14.
Ne5 Rae8 15. b4 a6 16. Rc1 Qd6 17. a3 Re7 18. Na4 Rfe8 19. Nc5 Nxc5 20. bxc5 Qc7 21. Rb1 Ne4 22. Qc2 Bf5 23. Bd3 f6 24. Nf3 Bg4 25. Nh4 Bh5 26. f5 Ng5 27. Qd2 Bf3 28.
Re3 Nh3+ 29. Kf1 Rxe3 30. fxe3 Be4 31. Bxe4 Rxe4 32. Kg2 Ng5 33. Rb3 Qe7 34. Kf2 Qc7 35. Qb2 Rxh4 36. gxh4 Qxh2+ 37. Ke1 Nf3+ 38. Kd1 Qh1+ 39.
Kc2 Qe1 40. Qc3 Qe2+ 41. Kc1 Ne1 42. Qd2 Qf1 43. Kb2 Nf3 44. Qc1 Qe2+ 45. Ka1 Nxh4 46. Rxb7 Nxf5 47. Qg1 g5 48. Qb1 Qf3 49. Rd7 Qe4 50.
Qb8+ 1-0

[Event "Live Chess"]
[Site "Chess.com"]
[Date "2024.06.01"]
[Round "-"]
[White "NAZRIZ1977"]
[Black "vincents82"]
[Result "1-0"]
[WhiteElo "2167"]
[BlackElo "2068"]
[TimeControl "300"]
[EndTime "15:15:19 PDT"]
[Termination "NAZRIZ1977 won by resignation"]

1. c4 c6 2. g3 d5 3. Bg2 Nf6 4. Nf3 Bf5 5. cxd5 cxd5 6. Qb3 Qc8 7. O-O Nc6 8. Nc3 e6 9. d3 h6 10. Re1 Be7 11. e4 dxe4 12. dxe4 Bh7 13. h3 O-O 14. Bf4 Na5 15. Qa4 Nc4 16. Qb3 g5 17. Bc1 Na5 18. Qa4 b6 19. h4 g4 20. Ne5 Bd6 21. Nd3 Qc4 22. Qxc4 Nxc4 23. Bxh6 Rfd8 24. Bg5 Be7 25. e5 Rxd3 26. Bxa8 Nd5 27. Nxd5 Bxg5 28. hxg5 exd5 29. b3 Nd2 30. Red1 Be4 31. Rac1 Nf3+ 32. Kf1 Nxe5 33. Rxd3 Bxd3+ 34. Ke1 Bf5 35. Kd2 d4 36. Rc7 Kg7 37. Rxa7 Kg6 38. Re7 Nf3+ 39. Bxf3 gxf3 40. b4 b5 41. Rb7 1-0

[Event "Live Chess"]
[Site "Chess.com"]
[Date "2024.06.01"]
[Round "-"]
[White "GrahamCuthbert"]
[Black "Harry_Li"]
[Result "0-1"]
[WhiteElo "1031"]
[BlackElo "2086"]
[TimeControl "300"]
[EndTime "15:15:47 PDT"]
[Termination "Harry_Li won by resignation"]

1. d4 Nf6 2. Bf4 d5 3. Nf3 c5 4. c3 Nc6 5. e3 Qb6 6. Qb3 c4 7. Qxb6 axb6 8. Nbd2 b5 9. g3 e6 10. Ne5 b4 11. Bg2 bxc3 12. bxc3 Ba3 13. O-O Bb2 14.
Rab1 Bxc3 15. Rfd1 Rxa2 16. Nef3 O-O 17. Bd6 Rd8 18.
Be5 Nxe5 19. dxe5 Nd7 20. Nd4 Bxd2 0-1

[Event "Live Chess"]
[Site "Chess.com"]
[Date "2024.06.01"]
[Round "-"]
[White "wadsy27"]
[Black "MagnersCarlsberg2870"]
[Result "1-0"]
[WhiteElo "2541"]
[BlackElo "1766"]
[TimeControl "300"]
[EndTime "15:15:58 PDT"]
[Termination "wadsy27 won by resignation"]

1. c4 c5 2. g3 g6 3. Bg2 Bg7 4.
Nc3 Nc6 5. Nf3 Nf6 6. d4 cxd4 7.
Nxd4 Nxd4 8. Qxd4 d6 9. O-O O-O 10.
Qd3 Bf5 11. e4 Be6 12. Bd2 Rc8 13. b3 Ng4 14. h3 Ne5 15. Qe2 Qd7 16. Kh2 a6 17. Rae1 f5 18. exf5 Rxf5 19. f4 Nc6 20. Qxe6+ Qxe6 21. Rxe6 Kf7 22. Bd5 Nb4 23. Rfe1 Nxd5 24.
Nxd5 1-0

[Event "Live Chess"]
[Site "Chess.com"]
[Date "2024.06.01"]
[Round "-"]
[White "Cruiseylee78"]
[Black "CarmelJane"]
[Result "0-1"]
[WhiteElo "1695"]
[BlackElo "2071"]
[TimeControl "300"]
[EndTime "15:16:06 PDT"]
[Termination "CarmelJane won by resignation"]

1. d4 Nf6 2. Bf4 c5 3. e3 cxd4 4. exd4 Qb6 5. b3 Nc6 6. Nf3 d5 7. Bd3 Bg4 8. Nbd2 Nxd4 9. h3 Nxf3+ 10. Nxf3 Bh5 11. g4 Bg6 12. Bxg6 hxg6 13. Qd2 e6 14. Ne5 Bb4 15. c3 Ne4 16. Qd4 Bxc3+ 0-1

[Event "Live Chess"]
[Site "Chess.com"]
[Date "2024.06.01"]
[Round "-"]
[White "upoe610"]
[Black "Zhevzh1k7"]
[Result "1-0"]
[WhiteElo "2203"]
[BlackElo "1109"]
[TimeControl "300"]
[EndTime "15:16:07 PDT"]
[Termination "upoe610 won by checkmate"]

1. e4 c6 2. Nc3 d5 3. Nf3 Bg4 4. h3 Bxf3 5. Qxf3 dxe4 6. Nxe4 Nd7 7. Bc4 Ngf6 8. Ng5 e6 9. Qe2 Be7 10. Nxf7 Kxf7 11. Qxe6+ Kg6 12. Qf7+ Kh6 13. d4+ g5 14. h4 Rg8 15. hxg5# 1-0

[Event "Live Chess"]
[Site "Chess.com"]
[Date "2024.06.01"]
[Round "-"]
[White "MellowAesthetic"]
[Black "AlexanderMatlak"]
[Result "1-0"]
[WhiteElo "2088"]
[BlackElo "2406"]
[TimeControl "300"]
[EndTime "15:16:30 PDT"]
[Termination "MellowAesthetic won by resignation"]

1. e4 c5 2. Nf3 d6 3. d4 cxd4 4. Nxd4 Nf6 5. Nc3 a6 6. Bg5 e6 7. f4 Nbd7 8. Qf3 Qc7 9. O-O-O b5 10. Bxf6 gxf6 11. f5 Nc5 12. fxe6 fxe6 13. Qxf6 Bg7 14. Bxb5+ axb5 15. Ndxb5 Bxf6 16. Nxc7+ Kd7 17. Nxa8 Kc6 18.
Nb6 Kxb6 19. Rxd6+ Kb7 20. b4 Na6 21. b5 Nc5 22.
Rc6 Be7 23. Rd1 Rf8 24. a4 Rf2 25. a5 Rf8 26. a6+ Kb8 27. a7+ Ka8 28. Rc7 Re8 29. Rf1 Nb7 30. Rf7 Bd6 31. Rc6 Be5 32. Na4 Kxa7 33. Ra6+ Kb8 34. Nb6 1-0

[Event "Live Chess"]
[Site "Chess.com"]
[Date "2024.06.01"]
[Round "-"]
[White "nigelst"]
[Black "Cimon"]
[Result "1-0"]
[WhiteElo "1686"]
[BlackElo "1808"]
[TimeControl "300"]
[EndTime "15:16:37 PDT"]
[Termination "nigelst won on time"]

1. e4 e5 2. Nf3 Nc6 3. Bb5 Nf6 4. O-O Nxe4 5. d4 Nd6 6. Bxc6 dxc6 7. dxe5 Nf5 8. Qxd8+ Kxd8 9. Nc3 h6 10. Bf4 Bd7 11. Rad1 Kc8 12. g4 Ne7 13. h3 g6 14.
Rfe1 c5 15. Nd5 Nxd5 16. Rxd5 Be6 17. Rdd1 c6 18. b3 Kc7 19. c4 Be7 20. Nd2 Rad8 21. Ne4 Rd4 22. Bg3 Rhd8 23. Nc3 Rd2 24. Rxd2 Rxd2 25.
Re2 Rxe2 26. Nxe2 b5 27. Nf4 Bd7 28. cxb5 cxb5 29. Nd5+ Kd8 30. Nxe7 Kxe7 31. f4 Be6 32. Kf2 Kd7 33. Ke3 Kc6 34. Kd3 Kd5 35. Bf2 a5 36.
a3 c4+ 37. bxc4+ bxc4+ 38. Kc3 Ke4 39. f5 gxf5 40. gxf5 Kxf5 41. Be3 h5 42. Bd4 Ke4 43. h4 Kf3 44. a4 Kg4 45. Bb6 Kxh4 46. Bxa5 Kg4 47.
Bc7 h4 48. a5 h3 49. a6 h2 50.
a7 Bd5 51. e6 h1=Q 52. e7 Qe1+ 53. Kd4 Qe4+ 54. Kc5 Qxe7+ 55. Bd6 Qe4 56. Bc7 c3 57. Ba5 Qc4+ 58. Kd6 Qc6+ 59. Ke5 f6+ 60. Kd4 1-0

[Event "Live Chess"]
[Site "Chess.com"]
[Date "2024.06.01"]
[Round "-"]
[White "McFim"]
[Black "TigerTank70"]
[Result "0-1"]
[WhiteElo "1624"]
[BlackElo "2223"]
[TimeControl "300"]
[EndTime "15:16:44 PDT"]
[Termination "TigerTank70 won on time"]

1. e4 e5 2. Nf3 Nc6 3. Bb5 a6 4. Ba4 Nf6 5. O-O b5 6. Bb3 Be7 7. Re1 O-O 8. c3 d5 9. exd5 Nxd5 10.
d4 exd4 11. Nxd4 Nxd4 12. Qxd4 c6 13. Nd2 Bf6 14. Qc5 Bb7 15. Ne4 Be7 16. Qd4 Nf6 17.
Nxf6+ Bxf6 18. Qc5 Qc7 19. Bg5 Bxg5 20. Qxg5 Rae8 21.
Re3 Rxe3 22. Qxe3 c5 23. Re1 Qc6 24. f3 c4 25. Bc2 g6 26. Be4 Qc7 27. Bxb7 Qxb7 28.
Rd1 Qc6 29. Qd4 Re8 30. Kf2 Qc7 31. Qd6 Qa7+ 32. Rd4 Re6 33. Qd8+ Kg7 34. g3 a5 35. h4 b4 36. Qd7 Qc5 37. Qd5 Qxd5 38. Rxd5 bxc3 39.
bxc3 Rb6 40. Rxa5 Rb2+ 41. Ke3 Rc2 42. Ra4 Rxc3+ 43. Ke4 f5+ 44. Kf4 Rc1 45. Ra7+ Kh6 46. g4 fxg4 47. fxg4 Rf1+ 48. Ke3 g5 49. hxg5+ Kg6 50.
Ra6+ Kxg5 51. Kd4 Rf4+ 52. Kc3 Kxg4 53. Rh6 Rf7 54. Kxc4 Kg5 55. Rh1 h5 56. a4 h4 57.
Kb5 Kg4 58. a5 h3 59. a6 Kg3 60. Kb6 Kg2 61. Rxh3 Kxh3 62. a7 Rf6+ 63. Kb7 Rf7+ 64. Kb8 Rf8+ 0-1

[Event "Live Chess"]
[Site "Chess.com"]
[Date "2024.06.01"]
[Round "-"]
[White "cymbalshift"]
[Black "katoma"]
[Result "0-1"]
[WhiteElo "1645"]
[BlackElo "2060"]
[TimeControl "300"]
[EndTime "15:17:01 PDT"]
[Termination "katoma won by resignation"]

1. d4 Nf6 2. c4 g6 3. Nc3 d5 4.
cxd5 Nxd5 5. e4 Nxc3 6. bxc3 Bg7 7. Nf3 c5 8. Rb1 O-O 9. Be2 Nc6 10. d5 Bxc3+ 11.
Bd2 Bxd2+ 12. Qxd2 Na5 13. h4 Bg4 14. h5 Bxf3 15.
Bxf3 Nc4 16. Qh6 Qa5+ 17. Ke2 Qxa2+ 18. Kd3 Ne5+ 19. Kc3 Qc4+ 20. Kd2 Qd4+ 21. Kc2 Nxf3 22. hxg6 Qxe4+ 23. Kb2 Qxg6 24. gxf3 Qxh6 25. Rxh6 f6 26. Rg1+ Kh8 0-1

[Event "Live Chess"]
[Site "Chess.com"]
[Date "2024.06.01"]
[Round "-"]
[White "LL220284LL"]
[Black "gmnorfolk"]
[Result "0-1"]
[WhiteElo "2503"]
[BlackElo "2133"]
[TimeControl "300"]
[EndTime "15:17:10 PDT"]
[Termination "gmnorfolk won by resignation"]

1. g3 e5 2. Bg2 Nf6 3. c4 c6 4. d3 d5 5. cxd5 cxd5 6. Nf3 Nc6 7. O-O h6 8. Nc3 Be6 9. b3 Qd7 10. Bb2 Be7 11. Rc1 O-O 12. Na4 b6 13. Nxe5 Nxe5 14. Bxe5 Rac8 15. Qd2 Ng4 16. Ba1 d4 17. Nb2 Bg5 18. f4 Bf6 19. Rxc8 Rxc8 20. Rc1 Ne3 21. Bf3 g5 22. Rxc8+ Qxc8 23. Nc4 Bxc4 24. dxc4 Qd7 25. fxg5 hxg5 26. Qd3 Qh3 27. Qb1 Be5 28. b4 g4 29.
Be4 Bxg3 30. hxg3 Qxg3+ 31. Kh1 Qh4+ 32. Kg1 g3 0-1

[Event "Live Chess"]
[Site "Chess.com"]
[Date "2024.06.01"]
[Round "-"]
[White "CheckThis4"]
[Black "degringolade64"]
[Result "1-0"]
[WhiteElo "2685"]
[BlackElo "2114"]
[TimeControl "300"]
[EndTime "15:17:49 PDT"]
[Termination "CheckThis4 won by resignation"]

1. e4 e5 2. Nf3 Nc6 3. Bb5 a6 4. Ba4 Nf6 5. O-O Bc5 6. c3 b5 7. Bc2 d5 8. d4 dxe4 9. dxc5 Qxd1 10. Rxd1 exf3 11. a4 b4 12. gxf3 O-O 13. Bg5 Nh5 14. Be4 Bb7 15. cxb4 f6 16. Be3 Rad8 17. Nc3 Ba8 18. b5 Nd4 19. Bxa8 Rxa8 20. Bxd4 exd4 21. Rxd4 axb5 22. Nxb5 c6 23. Nd6 Rfb8 24. b4 g5 25.
Ne4 Nf4 26. Rd7 Rxb4 27. Nxf6+ Kf8 28. Nxh7+ Kg8 29. Nf6+ Kf8 30. a5 Rxa5 31. Nh7+ Kg8 32. Re1 Ra8 33. Nf6+ Kf8 34. h4 Nh3+ 35. Kg2 Rxh4 36.
Ree7 Nf4+ 37. Kg3 Nh5+ 38. Nxh5 Rxh5 39. Rf7+ Kg8 40. Rg7+ Kh8 41. Rg6 g4 42. fxg4 Rxc5 43. Re6 Ra3+ 44. f3 Ra8 45. Ree7 Rc3 46. g5 c5 47. g6 Ra6 1-0